 Dungeon Crawl Stone Soup version 0.25-a0-670-g50981ef59b (webtiles) character file.

Game seed: 9822926688938974692, levelgen mode: deterministic

9678 Armakuni the Cleaver (level 11, -4/87 HPs)
             Began as a Human Monk on Mar 29, 2020.
             Was a Priest of Elyvilon.
             Slain by an orc warrior
             ... wielding a +4 battleaxe of freezing
             ... led by an orc knight
              (8 damage)
             ... on level 2 of the Orcish Mines.
             The game lasted 00:32:10 (8880 turns).

Armakuni the Cleaver (Human Monk)                   Turns: 8880, Time: 00:32:11

Health: -4/87      AC: 12    Str: 15    XL:     11   Next: 78%
Magic:  12/18      EV: 13    Int: 10    God:    Elyvilon [***...]
Gold:   300        SH:  0    Dex: 18    Spells: 10/10 levels left

rFire    . . .     SeeInvis .   a - +3 battleaxe
rCold    . . .     Gourm    .   (shield currently unavailable)
rNeg     . . .     Faith    .   K - +3 troll leather armour
rPois    .         Spirit   .   m - +2 helmet
rElec    .         Reflect  .   i - +0 cloak
rCorr    .         Harm     .   (no gloves)
MR       .....                  (no boots)
Stlth    +.........             (no amulet)
HPRegen  0.64/turn              L - ring of flight
MPRegen  0.16/turn              D - ring "Gagguhim" {Dex+2 Stlth-}

@: berserk cooldown
A: no striking features
a: Lesser Healing, Heal Other, Purification, Divine Protection, Renounce
Religion, Evoke Flight


You were on level 2 of the Orcish Mines.
You worshipped Elyvilon.
Elyvilon was most pleased with you.
You were not hungry.

You visited 3 branches of the dungeon, and saw 13 of its levels.

You collected 710 gold pieces.
You spent 410 gold pieces at shops.

Inventory:

Hand Weapons
 a - a +3 battleaxe (weapon)
 f - a +2 scimitar of flaming
 y - a +2 morningstar of protection
Missiles
 e - 53 poisoned darts (quivered)
 A - a throwing net
 E - 2 boomerangs
Armour
 g - a +0 chain mail
 i - a +0 cloak (worn)
 m - a +2 helmet (worn)
 o - a +0 ring mail
 x - a +0 plate armour
 J - a +0 plate armour of cold resistance
 K - a +3 troll leather armour (worn)
Magical Staves
 w - an uncursed staff of wizardry
Jewellery
 D - the ring "Gagguhim" (right hand) {Dex+2 Stlth-}
   (You found it on level 8 of the Dungeon)

   [ring of attention]

   It affects your dexterity (+2).
   It makes you less stealthy.
 I - a +3 ring of dexterity {unknown}
 L - a ring of flight (left hand)
Wands
 k - a wand of digging (5)
 s - a wand of acid (1)
 C - a wand of flame (31)
 H - a wand of iceblast (3)
Scrolls
 b - a scroll of identify
 d - 4 scrolls of teleportation
 u - a scroll of remove curse
 v - a scroll of amnesia
 F - a scroll of immolation
Potions
 h - 4 potions of might
 j - 2 potions of mutation
 l - 4 potions of berserk rage
 p - 2 potions of haste
 q - 2 potions of curing
 r - 2 potions of brilliance
 t - 2 potions of heal wounds
 z - 2 potions of resistance {unknown}
 B - 2 potions of lignification
 G - a potion of flight {unknown}
Comestibles
 c - 16 rations
 M - a chunk of flesh


   Skills:
 - Level 8.4 Fighting
   Level 3.5 Short Blades
 - Level 11.0(11.1) Axes
 - Level 3.0(7.7) Maces & Flails
 + Level 4.7 Armour
 - Level 3.0 Dodging
 - Level 2.0 Stealth
 - Level 10.0 Invocations
 - Level 2.4 Evocations


You had 10 spell levels left.
You didn't know any spells.
Your spell library contained the following spells:

 Spells                   Type           Power        Failure   Level  Hunger
 Foxfire                  Conj/Fire      #...         41%         1    ##.....
 Summon Small Mammal      Summ           #...         41%         1    ##.....
 Call Imp                 Summ           #.......     56%         2    ###....
 Call Canine Familiar     Summ           #.......     80%         3    ####...
 Conjure Flame            Conj/Fire      #.......     80%         3    ####...
 Inner Flame              Hex/Fire       #.......     80%         3    ####...
 Summon Guardian Golem    Hex/Summ       #.......     80%         3    ####...
 Sticky Flame             Conj/Fire      #.......     99%         4    #####..
 Summon Ice Beast         Ice/Summ       #.......     99%         4    #####..
 Summon Lightning Spire   Summ/Air       #.......     99%         4    #####..
 Fireball                 Conj/Fire      #.........   100%        5    ######.


Dungeon Overview and Level Annotations

Branches:
Dungeon (10/15)            Temple (1/1) D:4            Lair (0/6) D:8
    Orc (2/2) D:10
    Elf: Orc:2

Altars:
Ashenzari
Cheibriados
Dithmenos
Elyvilon
Fedhas
Gozag
Hepliaklqana
Kikubaaqudgha
Makhleb
Nemelex Xobeh
Okawaru
Qazlal
Ru
Sif Muna
Trog
Uskayaw
Vehumet
Wu Jian
Xom
Yredelemnul
Zin
The Shining One

Shops:
D:5 *   D:7 [   D:10 =   Orc:2 [

Annotations:
D:7 1 runed translucent door, bmj180's ghost, novice MfIE


Message History

Press: ? - help, Dir - move target cursor, f - orc warrior Heal: an orc warrior, wielding a +4 battleaxe of freezing, wearing a +0 chain mail and quivering 7 boomerangs (almost dead, chance to pacify: 64%)
The light of Elyvilon fails to reach the orc warrior.
You feel somewhat more hungry.
You are healed.
You feel somewhat more hungry.
The orc warrior hits you with a +4 battleaxe of freezing.
* * * LOW HITPOINT WARNING * * *
The orc warrior freezes you.
* * * LOW HITPOINT WARNING * * *
The orc barely misses you.
The orc hits you with a cursed -1 dagger.
* * * LOW HITPOINT WARNING * * *
You feel purified!
You feel quite a bit more hungry.
The orc warrior hits you with a +4 battleaxe of freezing!
* * * LOW HITPOINT WARNING * * *
The orc warrior freezes you. Elyvilon protects you from harm!
The orc hits you but does no damage.
The orc warrior hits you with a +4 battleaxe of freezing!
You die...

### ### ##.## .. ...
##...## .#.###.#
#...#.##
#...#...####......#
......#.#.##..o@..#
..#....<.....)o..##
............)∩...#
.................#
...#.$#)...........#
..................##
......$...........#
#.........<.......#
...................


You could see an orc warrior and an orc.

Vanquished Creatures
  Harold (D:8)
  Erica (D:9)
  Pikel (D:6)
  An orc knight (Orc:2)
  Psyche (D:10)
  2 hornets (D:9)
  A troll (D:10)
  Prince Ribbit (D:7)
  Grinder (D:6)
  A hippogriff (D:10)
  Sigmund (D:6)
  Eustachio (D:6)
  5 yaks (D:10)
  A water moccasin (D:10)
  5 orc warriors
  3 ice beasts
  5 black bears
  3 centaurs
  6 ogres
  2 wolves (D:10)
  A big kobold (D:7)
  2 bullfrogs
  A scorpion (D:7)
  2 killer bees (D:10)
  4 wights (D:10)
  5 howler monkeys
  5 crimson imps
  2 bullfrog zombies
  A centaur skeleton (D:5)
  3 hounds
  3 jellies
  6 orc priests
  2 bullfrog skeletons
  7 orc wizards
  Jessica (D:3)
  Terence (D:3)
  3 iguanas
  8 worker ants
  A hound zombie (D:8)
  2 hound skeletons
  A worker ant zombie (D:9)
  12 adders
  2 shadow imps
  4 oozes
  An adder zombie (D:8)
  2 worms (D:3)
  2 adder skeletons
  2 dart slugs (D:2)
  5 leopard geckos
  31 orcs
  2 ball pythons (D:3)
  5 bats
  7 giant cockroaches
  4 hobgoblins
  8 jackals
  9 kobolds
  2 quokkas
  5 frilled lizards
  7 goblins
  2 quokka skeletons
  9 rats
225 creatures vanquished.

Vanquished Creatures (others)
  2 hornets (D:9)
  A yak (D:10)
  Grum (D:10)
  A soldier ant (D:9)
  An ogre (D:7)
6 creatures vanquished.

Grand Total: 231 creatures vanquished

Notes
Turn   | Place    | Note
-------+----------+-------------------------------------------
     0 | D:1      | Armakuni the Human Monk began the quest for the Orb.
     0 | D:1      | Reached XP level 1. HP: 18/18 MP: 1/1
   102 | D:1      | Reached skill level 1 in Short Blades
   133 | D:1      | Reached XP level 2. HP: 14/24 MP: 2/2
   342 | D:1      | Reached XP level 3. HP: 29/29 MP: 3/3
   781 | D:2      | Reached XP level 4. HP: 35/35 MP: 4/4
  1028 | D:2      | Found a white marble altar of Elyvilon.
  1037 | D:2      | Became a worshipper of Elyvilon the Healer
  1037 | D:2      | Reached * piety under Elyvilon
  1037 | D:2      | Reached ** piety under Elyvilon
  1314 | D:3      | Noticed Jessica
  1319 | D:3      | Killed Jessica
  1319 | D:3      | Reached skill level 1 in Axes
  1319 | D:3      | Reached skill level 1 in Invocations
  1319 | D:3      | Reached XP level 5. HP: 40/41 MP: 5/5
  1434 | D:3      | Noticed Terence
  1470 | D:3      | Killed Terence
  1546 | D:3      | Reached skill level 2 in Axes
  1553 | D:3      | Reached XP level 6. HP: 38/47 MP: 5/7
  2244 | D:4      | Reached *** piety under Elyvilon
  2513 | D:4      | Reached skill level 3 in Axes
  2605 | D:4      | Reached XP level 7. HP: 43/52 MP: 9/9
  2815 | D:4      | Found a staircase to the Ecumenical Temple.
  2858 | Temple   | Entered the Ecumenical Temple
  3541 | D:5      | Entered Level 5 of the Dungeon
  3551 | D:5      | Reached skill level 4 in Axes
  3656 | D:5      | Found an ornate altar of the Wu Jian Council.
  3707 | D:5      | Reached skill level 5 in Invocations
  3866 | D:5      | Reached XP level 8. HP: 41/58 MP: 6/12
  3921 | D:5      | Reached skill level 5 in Axes
  4074 | D:5      | Found Cyoloyh's Assorted Antiques.
  4077 | D:5      | Bought a scroll labeled ECAUTELUYLY for 22 gold pieces
  4077 | D:5      | Bought a scroll labeled WEKHLOR DOVVIW for 22 gold pieces
  4077 | D:5      | Bought a twisted lead wand for 88 gold pieces
  4077 | D:5      | Bought a jewelled bronze wand for 88 gold pieces
  4185 | D:5      | Found an opulent altar of Gozag.
  4380 | D:5      | Reached **** piety under Elyvilon
  4704 | D:6      | Noticed Grinder
  4721 | D:6      | Paralysed by Grinder for 2 turns
  4735 | D:6      | Killed Grinder
  4788 | D:6      | Noticed Pikel
  4823 | D:6      | Killed Pikel
  4823 | D:6      | Reached XP level 9. HP: 54/71 MP: 4/13
  5051 | D:6      | Noticed Eustachio
  5065 | D:6      | Killed Eustachio
  5065 | D:6      | Reached skill level 6 in Axes
  5142 | D:6      | Noticed Sigmund
  5154 | D:6      | Killed Sigmund
  5300 | D:7      | Noticed Prince Ribbit
  5333 | D:7      | Killed Prince Ribbit
  5445 | D:7      | Reached skill level 7 in Axes
  5514 | D:7      | Found a runed translucent door.
  5549 | D:7      | Found the +4 dagger "Morg" {pain, MR+ Int+5}
  5644 | D:7      | Noticed bmj180's ghost (novice MfIE)
  5698 | D:7      | Reached XP level 10. HP: 75/77 MP: 16/16
  5717 | D:7      | Found Paawkisy's Antique Armour Shoppe.
  5736 | D:7      | Bought a shimmering kite shield for 190 gold pieces
  5741 | D:7      | Identified the cursed +0 kite shield "Uzxaulu" {Stlth+}
                  | (You bought it in a shop on level 7 of the Dungeon)
  6017 | D:8      | Noticed a two-headed ogre
  6020 | D:7      | Pacified a two-headed ogre
  6020 | D:7      | Reached skill level 8 in Axes
  6137 | D:8      | Noticed Harold
  6156 | D:8      | Killed Harold
  6325 | D:8      | Got a faintly glowing lead ring
  6355 | D:8      | Found a radiant altar of Vehumet.
  6377 | D:8      | Identified the ring "Gagguhim" {Dex+2 Stlth-} (You found it
                  | on level 8 of the Dungeon)
  6499 | D:8      | Found a staircase to the Lair.
  6526 | D:8      | Reached skill level 9 in Axes
  6837 | D:9      | Reached skill level 10 in Invocations
  7019 | D:9      | Paralysed by a hornet for 2 turns
  7024 | D:9      | Paralysed by a hornet for 1 turns
  7399 | D:9      | Noticed Erica
  7419 | D:9      | Killed Erica
  7419 | D:9      | Reached skill level 10 in Axes
  7419 | D:9      | Reached XP level 11. HP: 21/85 MP: 12/18
  7599 | D:9      | Paralysed by a hornet for 2 turns
  7849 | D:10     | Entered Level 10 of the Dungeon
  7868 | D:10     | Noticed Psyche
  7875 | D:10     | Killed Psyche
  7910 | D:10     | Found a staircase to the Orcish Mines.
  8070 | D:10     | Noticed Grum
  8077 | D:10     | Reached skill level 1 in Evocations
  8087 | D:10     | Pacified Grum
  8091 | D:10     | Killed Grum
  8195 | D:10     | Reached skill level 11 in Axes
  8244 | D:10     | Found Sell's Jewellery Emporium.
  8269 | D:10     | Reached skill level 1 in Armour
  8679 | Orc:1    | Entered Level 1 of the Orcish Mines
  8846 | Orc:2    | Entered Level 2 of the Orcish Mines
  8846 | Orc:2    | Found Qicusab's Armour Boutique.
  8853 | Orc:2    | Noticed an orc knight
  8873 | Orc:2    | Killed an orc knight
  8880 | Orc:2    | HP: 4/87 [orc warrior/+4 battleaxe of freezing[an orc
                  | knight] (15)]
  8880 | Orc:2    | Elyvilon protects you from harm!
  8880 | Orc:2    | Slain by an orc warrior

Levels and vault maps discovered:
D:1:      dpeg_arrival_line_fractal, layout_rooms
D:2:      layout_rooms, elyvilon_altar_3, first_ration, minmay_crystal_water
D:3:      layout_loops_corners, uniq_jessica, uniq_terence
D:4:      layout_basic, minmay_temple_entry_antechambers
D:5:      layout_gridville, overflow_temple_1_default, grunt_gozag_breadcrumbs,
          serial_shops, shop, feat_on_display
D:6:      layout_loops_cross, uniq_eustachio, uniq_grinder, uniq_sigmund,
          uniq_pikel
D:7:      layout_rooms, serial_shops,
          nicolae_shop_temple_entry_statues_fountains,
          ebering_ghost_reflecting_pool, lemuel_flame_loot_1,
          uniq_prince_ribbit1
D:8:      layout_rooms, vehumet_altar_wand_db, lair_entry_dummy, serial_curves,
          eino_curves_03, eino_curves_01, eino_curves_03, uniq_harold
D:9:      layout_basic, hangedman_pestilent_swarm, uniq_erica, uniq_erolcha
D:10:     layout_irregular_city, orc_0_dummy, serial_shops,
          kennysheep_little_box, grunt_ministairs_8, uniq_grum, uniq_psyche
Temple:   hc_temple_tempest_star
Orc:1:    layout_caves
Orc:2:    grunt_orc_community_town_hall, layout_caves,
          grunt_orc_community_big_house_2, grunt_orc_community_big_house_1,
          grunt_orc_community_house_2, grunt_orc_community_house_1,
          grunt_orc_community_house_2, grunt_orc_community_house_2,
          serial_shops, shop, uniq_nessos, uniq_jorgrun

Skill      XL: |  1  2  3  4  5  6  7  8  9 10 11 |
---------------+----------------------------------+-----
Short Blades   | 1 2 3 |  3.5
Axes           | 1 2 3 4 5 7 10 11 | 11.0
Invocations    | 1 2 3 5 6 8 10 | 10.0
Fighting       | 6 7 8 |  8.4
Evocations     | 2 |  2.4
Armour         | 4 |  4.7
Maces & Flails | |  3.0
Dodging        | |  3.0
Stealth        | |  2.0

Action                   |  1- 3 |  4- 6 |  7- 9 | 10-12 || total
-------------------------+-------+-------+-------+-------++-------
Melee: Dagger            |    72 |    41 |   193 |     7 ||   313
       Mace              |     9 |       |       |       ||     9
       Short sword       |       |   130 |       |       ||   130
       Battleaxe         |       |       |    47 |   220 ||   267
       Whip              |       |       |    19 |   137 ||   156
       Morningstar       |       |       |       |    38 ||    38
       Hand axe          |       |       |       |     9 ||     9
Throw: Dart              |    11 |    24 |    18 |       ||    53
Invok: Lesser Healing    |       |    17 |    16 |    45 ||    78
       Purification      |       |     2 |     1 |     6 ||     9
       Greater Healing   |       |       |       |     2 ||     2
       Heal Other        |       |       |       |     9 ||     9
Evoke: Wand              |       |       |       |    15 ||    15
  Use: Scroll            |     3 |     5 |     5 |    13 ||    26
       Potion            |     1 |       |     1 |     1 ||     3
 Stab: Distracted        |     1 |       |     1 |       ||     2
       Sleeping          |     1 |     4 |     3 |       ||     8
  Eat: Chunk             |       |     9 |     9 |     7 ||    25
       Ration            |       |       |     1 |     5 ||     6
Armor: Robe              |    15 |     2 |       |       ||    17
       Leather armour    |       |    18 |       |       ||    18
       Ring mail         |       |     7 |    80 |   188 ||   275
       Skin              |       |       |    18 |       ||    18
       Troll leather arm |       |       |       |     1 ||     1
Dodge: Dodged            |    56 |    83 |   131 |   214 ||   484
Block: Kite shield       |       |       |       |    27 ||    27

Table legend:
 A = Non-vault XP
 B = Vault XP
 C = Vault XP percentage of total XP
 D = Non-vault monster count
 E = Vault monster count
 F = Vault count percentage of total count
                 A         B        C        D         E       F
            +---------+---------+-------+---------+---------+-------
      Total |    8133 |    4721 |  36.7 |     209 |      16 |   7.1
            +---------+---------+-------+---------+---------+-------
        D:1 |      44 |       0 |   0.0 |      24 |       0 |   0.0
        D:2 |      40 |       0 |   0.0 |      11 |       0 |   0.0
        D:3 |     178 |      73 |  29.1 |      29 |       2 |   6.5
        D:4 |     331 |       0 |   0.0 |      16 |       0 |   0.0
        D:5 |     583 |       0 |   0.0 |      26 |       0 |   0.0
        D:6 |     299 |    1380 |  82.2 |       9 |       4 |  30.8
        D:7 |     888 |     286 |  24.4 |      14 |       1 |   6.7
        D:8 |     591 |    1025 |  63.4 |      20 |       2 |   9.1
        D:9 |    1611 |    1122 |  41.1 |      27 |       2 |   6.9
       D:10 |    2393 |     835 |  25.9 |      26 |       5 |  16.1
      Orc:1 |     135 |       0 |   0.0 |       3 |       0 |   0.0
      Orc:2 |    1040 |       0 |   0.0 |       4 |       0 |   0.0
            +---------+---------+-------+---------+---------+-------
